[ AOE2 MATCH · #485399092 ]
UnrankedPoles vs Khmer
[ REPLAY ANALYSIS · EXTRACTED FROM THE RECORDED GAME ]
Feudal
10:37
Castle
14:17
Imperial
27:50
| APM avg | 62.2 |
| APM peak | 120 |
| eAPM avg | 42.8 |
| Villagers / military | 181 / 569 |
Focus
⚔️ 54.8% · 🌾 45.2%
Scout Cavalry ×338 · Knight ×130 · Obuch ×93 · Trade Cart ×34 · Petard ×8
Feudal
10:31
Castle
14:06
Imperial
35:50
| APM avg | 62.3 |
| APM peak | 99 |
| eAPM avg | 39.3 |
| Villagers / military | 181 / 276 |
Focus
⚔️ 56.1% · 🌾 43.9%
Elephant Archer ×161 · Ratha (Ranged) ×52 · Archer ×25 · Trebuchet (Packed) ×18 · Monk ×10 · Armored Elephant ×10
Feudal
10:55
Castle
13:37
Imperial
30:39
| APM avg | 60.8 |
| APM peak | 104 |
| eAPM avg | 37.9 |
| Villagers / military | 174 / 393 |
Focus
⚔️ 50.2% · 🌾 49.8%
Scout Cavalry ×239 · Battle Elephant ×131 · Knight ×17 · Trebuchet (Packed) ×5 · Ballista Elephant ×1
Feudal
7:12
Castle
18:29
Imperial
51:21
| APM avg | 30.8 |
| APM peak | 68 |
| eAPM avg | 23.0 |
| Villagers / military | 190 / 13 |
Focus
⚔️ 28.6% · 🌾 71.4%
Trade Cart ×61 · Mangudai ×9 · Battering Ram ×3 · Monk ×1
Feudal
9:22
Castle
13:24
Imperial
35:34
| APM avg | 37.0 |
| APM peak | 75 |
| eAPM avg | 22.3 |
| Villagers / military | 176 / 432 |
Focus
⚔️ 45.2% · 🌾 54.8%
Spearman ×221 · Scorpion ×198 · Trebuchet (Packed) ×8 · Mangonel ×3 · Battering Ram ×2
Feudal
10:31
Castle
14:06
Imperial
28:27
| APM avg | 58.6 |
| APM peak | 129 |
| eAPM avg | 33.6 |
| Villagers / military | 161 / 806 |
Focus
⚔️ 53.7% · 🌾 46.3%
Spearman ×695 · Scorpion ×57 · Battering Ram ×26 · Mangonel ×13 · Trebuchet (Packed) ×11 · Boyar ×2
Feudal
10:39
Castle
14:16
Imperial
29:57
| APM avg | 61.5 |
| APM peak | 109 |
| eAPM avg | 36.0 |
| Villagers / military | 182 / 239 |
Focus
⚔️ 48.4% · 🌾 51.6%
Mameluke ×210 · Trade Cart ×31 · Bombard Cannon ×19 · Mangonel ×8 · Trebuchet (Packed) ×2
Feudal
10:06
Castle
13:36
Imperial
29:20
| APM avg | 36.4 |
| APM peak | 93 |
| eAPM avg | 20.8 |
| Villagers / military | 221 / 21 |
Focus
⚔️ 22.7% · 🌾 77.3%
Monk ×18 · Mangonel ×1 · Scorpion ×1 · Battering Ram ×1
Match map
Initial resources + every placement click. Lines = walls · curves = elevation contours. ◆ gold · ⬟ stone · ● berries · ✦ relic · ◌ wall gap
Your base· ✓ Closed at 14:17 · 0t walls · 3 gate(s)
TAG_Sitaux's base· ✓ Closed at 14:06 · 0t walls · 2 gate(s)
[LuB]夢夢's base· ✓ Closed at 13:37 · 0t walls · 3 gate(s)
Dfx2, l'Immondice's base· ✓ Closed at 18:29 · 37t walls · 6 gate(s)
GKT_Cloud's base· ✓ Closed at 13:24 · 5t walls · 2 gate(s)
04py's base· ✓ Closed at 14:06 · 0t walls · 2 gate(s)
Shulk's base· ✓ Closed at 14:16 · 0t walls · 2 gate(s)
[LuB]myqbox's base· ✓ Closed at 13:36 · 0t walls · 3 gate(s)
Smoothed initial terrain · ◌ = detected wall gap · hover for details
Inputs per minute
— Tointoin - - TAG_Sitaux
Build order — Tointoin
First 150 of 1036 actions detected
| 0:00 | Create | Villager (Male) |
| 0:01 | Create | Villager (Male) |
| 0:01 | Create | Villager (Male) |
| 0:02 | Build | House |
| 0:02 | Create | Villager (Male) |
| 0:03 | Build | House |
| 1:24 | Create | Villager (Male) |
| 1:24 | Create | Villager (Male) |
| 1:49 | Create | Villager (Male) |
| 1:49 | Create | Villager (Male) |
| 2:05 | Create | Villager (Male) |
| 2:09 | Build | Lumber Camp |
| 2:38 | Create | Villager (Male) |
| 2:38 | Create | Villager (Male) |
| 3:13 | Create | Villager (Male) |
| 3:14 | Create | Villager (Male) |
| 3:47 | Create | Villager (Male) |
| 3:48 | Create | Villager (Male) |
| 3:54 | Build | Mill |
| 4:22 | Create | Villager (Male) |
| 4:22 | Create | Villager (Male) |
| 4:23 | Create | Villager (Male) |
| 5:05 | Build | House |
| 5:16 | Create | Villager (Male) |
| 5:17 | Create | Villager (Male) |
| 5:18 | Create | Villager (Male) |
| 5:18 | Create | Villager (Male) |
| 6:38 | Build | Mining Camp |
| 6:43 | Build | Mining Camp |
| 6:46 | Create | Villager (Male) |
| 6:46 | Create | Villager (Male) |
| 6:47 | Create | Villager (Male) |
| 7:56 | Build | House |
| 8:24 | Create | Villager (Male) |
| 8:27 | Research | Feudal Age |
| 8:27 | Create | Villager (Male) |
| 8:28 | Create | Villager (Male) |
| 10:37 | Age | Feudal Age |
| 10:38 | Build | Blacksmith |
| 10:39 | Build | Market |
| 11:37 | Research | Castle Age |
| 11:38 | Research | Castle Age |
| 11:51 | Research | Double-Bit Axe |
| 11:51 | Research | Double-Bit Axe |
| 12:44 | Create | Villager (Male) |
| 12:44 | Create | Villager (Male) |
| 12:56 | Research | Horse Collar |
| 12:56 | Research | Horse Collar |
| 13:24 | Build | House |
| 13:25 | Build | House |
| 14:17 | Age | Castle Age |
| 14:22 | Build | Town Center |
| 14:25 | Build | Town Center |
| 14:52 | Create | Villager (Male) |
| 14:52 | Create | Villager (Male) |
| 14:52 | Create | Villager (Male) |
| 14:55 | Research | Loom |
| 14:56 | Research | Heavy Plow |
| 15:00 | Build | Farm |
| 15:03 | Build | Farm |
| 15:10 | Build | Farm |
| 15:14 | Build | Farm |
| 15:19 | Build | Farm |
| 15:24 | Create | Villager (Male) |
| 15:25 | Create | Villager (Male) |
| 15:25 | Create | Villager (Male) |
| 15:36 | Build | Farm |
| 15:43 | Create | Villager (Male) |
| 15:47 | Build | Farm |
| 15:49 | Build | Farm |
| 15:49 | Create | Villager (Male) |
| 15:50 | Create | Villager (Male) |
| 15:58 | Create | Villager (Male) |
| 15:58 | Create | Villager (Male) |
| 16:19 | Create | Villager (Male) |
| 16:19 | Create | Villager (Male) |
| 16:27 | Create | Villager (Male) |
| 16:27 | Create | Villager (Male) |
| 16:32 | Build | Mill |
| 16:42 | Create | Villager (Male) |
| 16:42 | Create | Villager (Male) |
| 16:47 | Build | Farm |
| 16:47 | Build | Farm |
| 16:48 | Build | Farm |
| 16:57 | Build | Farm |
| 16:58 | Build | Farm |
| 16:59 | Build | Farm |
| 16:59 | Build | Farm |
| 17:02 | Create | Villager (Male) |
| 17:03 | Create | Villager (Male) |
| 17:12 | Build | Farm |
| 17:16 | Create | Villager (Male) |
| 17:16 | Create | Villager (Male) |
| 17:22 | Build | House |
| 17:23 | Build | House |
| 17:23 | Build | House |
| 17:26 | Create | Villager (Male) |
| 17:35 | Create | Villager (Male) |
| 17:35 | Create | Villager (Male) |
| 17:35 | Create | Villager (Male) |
| 17:35 | Create | Villager (Male) |
| 17:36 | Create | Villager (Male) |
| 17:39 | Create | Villager (Male) |
| 17:40 | Create | Villager (Male) |
| 17:51 | Build | Mill |
| 17:59 | Create | Villager (Male) |
| 17:59 | Create | Villager (Male) |
| 18:00 | Create | Villager (Male) |
| 18:03 | Create | Villager (Male) |
| 18:03 | Create | Villager (Male) |
| 18:15 | Build | Town Center |
| 18:20 | Create | Villager (Male) |
| 18:28 | Create | Villager (Male) |
| 18:28 | Create | Villager (Male) |
| 18:40 | Create | Villager (Male) |
| 18:40 | Create | Villager (Male) |
| 18:40 | Create | Villager (Male) |
| 18:44 | Build | Farm |
| 18:44 | Build | Farm |
| 18:52 | Research | Bow Saw |
| 18:52 | Research | Bow Saw |
| 18:53 | Create | Villager (Male) |
| 19:05 | Create | Villager (Male) |
| 19:05 | Create | Villager (Male) |
| 19:06 | Create | Villager (Male) |
| 19:22 | Create | Villager (Male) |
| 19:22 | Create | Villager (Male) |
| 19:33 | Create | Villager (Male) |
| 19:33 | Create | Villager (Male) |
| 19:34 | Create | Villager (Male) |
| 19:36 | Build | Mill |
| 19:37 | Build | Farm |
| 19:37 | Build | Farm |
| 19:37 | Build | Farm |
| 19:37 | Build | Farm |
| 19:38 | Build | Farm |
| 19:38 | Build | Farm |
| 19:39 | Create | Villager (Male) |
| 19:40 | Create | Villager (Male) |
| 19:43 | Create | Villager (Male) |
| 19:46 | Build | Farm |
| 19:59 | Build | Farm |
| 20:01 | Build | Farm |
| 20:03 | Create | Villager (Male) |
| 20:03 | Create | Villager (Male) |
| 20:03 | Create | Villager (Male) |
| 20:09 | Create | Villager (Male) |
| 20:09 | Create | Villager (Male) |
| 20:13 | Research | Wheelbarrow |
| 20:13 | Research | Wheelbarrow |
Build order — TAG_Sitaux
First 150 of 729 actions detected
| 0:01 | Create | Villager (Male) |
| 0:02 | Create | Villager (Male) |
| 0:02 | Build | House |
| 0:03 | Build | House |
| 0:08 | Create | Villager (Male) |
| 0:08 | Create | Villager (Male) |
| 0:09 | Create | Villager (Male) |
| 1:32 | Create | Villager (Male) |
| 1:33 | Create | Villager (Male) |
| 1:49 | Build | Lumber Camp |
| 1:56 | Create | Villager (Male) |
| 1:57 | Create | Villager (Male) |
| 2:18 | Create | Villager (Male) |
| 2:18 | Create | Villager (Male) |
| 2:45 | Create | Villager (Male) |
| 2:50 | Create | Villager (Male) |
| 2:50 | Create | Villager (Male) |
| 3:18 | Create | Villager (Male) |
| 3:31 | Build | House |
| 3:31 | Build | House |
| 3:37 | Create | Villager (Male) |
| 3:38 | Create | Villager (Male) |
| 4:06 | Create | Villager (Male) |
| 4:06 | Create | Villager (Male) |
| 4:28 | Create | Villager (Male) |
| 4:38 | Build | House |
| 4:41 | Create | Villager (Male) |
| 4:41 | Create | Villager (Male) |
| 4:59 | Create | Villager (Male) |
| 5:14 | Build | Mill |
| 5:46 | Create | Villager (Male) |
| 5:55 | Build | Farm |
| 5:56 | Build | Farm |
| 6:24 | Create | Villager (Male) |
| 6:34 | Build | Farm |
| 7:05 | Create | Villager (Male) |
| 7:23 | Create | Villager (Male) |
| 7:47 | Create | Villager (Male) |
| 8:07 | Build | Mining Camp |
| 8:20 | Research | Feudal Age |
| 8:21 | Research | Feudal Age |
| 8:57 | Create | Villager (Male) |
| 8:57 | Create | Villager (Male) |
| 10:23 | Build | Mining Camp |
| 10:31 | Age | Feudal Age |
| 10:35 | Build | Market |
| 10:37 | Build | Blacksmith |
| 11:26 | Research | Castle Age |
| 11:26 | Research | Castle Age |
| 12:12 | Research | Double-Bit Axe |
| 12:12 | Research | Double-Bit Axe |
| 12:47 | Build | House |
| 12:52 | Research | Horse Collar |
| 12:53 | Research | Horse Collar |
| 14:06 | Age | Castle Age |
| 14:10 | Create | Villager (Male) |
| 14:33 | Create | Villager (Male) |
| 14:38 | Research | Bow Saw |
| 14:46 | Build | Castle |
| 14:53 | Create | Villager (Male) |
| 14:59 | Build | Farm |
| 15:02 | Build | House |
| 15:04 | Build | House |
| 15:08 | Build | Farm |
| 15:10 | Build | Farm |
| 15:16 | Build | House |
| 15:20 | Create | Villager (Male) |
| 15:25 | Build | Monastery |
| 15:31 | Build | Farm |
| 15:41 | Create | Villager (Male) |
| 16:10 | Create | Monk |
| 16:14 | Build | Mining Camp |
| 16:19 | Create | Villager (Male) |
| 16:36 | Create | Villager (Male) |
| 16:44 | Create | Ratha (Ranged) |
| 16:44 | Create | Ratha (Ranged) |
| 16:44 | Create | Ratha (Ranged) |
| 16:53 | Build | Town Center |
| 16:54 | Create | Villager (Male) |
| 16:54 | Create | Villager (Male) |
| 17:00 | Create | Ratha (Ranged) |
| 17:00 | Create | Ratha (Ranged) |
| 17:20 | Create | Monk |
| 17:34 | Create | Ratha (Ranged) |
| 17:36 | Create | Villager (Male) |
| 17:38 | Build | Farm |
| 17:50 | Build | Farm |
| 17:51 | Build | Farm |
| 17:55 | Research | Fletching |
| 18:01 | Create | Ratha (Ranged) |
| 18:01 | Create | Ratha (Ranged) |
| 18:03 | Create | Villager (Male) |
| 18:03 | Create | Villager (Male) |
| 18:12 | Create | Monk |
| 18:18 | Build | Farm |
| 18:22 | Create | Villager (Male) |
| 18:24 | Create | Ratha (Ranged) |
| 18:24 | Create | Ratha (Ranged) |
| 18:28 | Create | Villager (Male) |
| 18:43 | Build | Farm |
| 18:44 | Create | Ratha (Ranged) |
| 18:44 | Create | Ratha (Ranged) |
| 18:48 | Create | Villager (Male) |
| 18:48 | Create | Villager (Male) |
| 19:04 | Create | Ratha (Ranged) |
| 19:09 | Create | Villager (Male) |
| 19:17 | Build | Farm |
| 19:25 | Create | Ratha (Ranged) |
| 19:29 | Create | Villager (Male) |
| 19:29 | Create | Villager (Male) |
| 19:34 | Create | Villager (Male) |
| 19:37 | Build | Outpost |
| 19:43 | Build | Farm |
| 19:44 | Build | Farm |
| 19:45 | Create | Villager (Male) |
| 19:45 | Create | Villager (Male) |
| 19:45 | Create | Villager (Male) |
| 20:01 | Create | Ratha (Ranged) |
| 20:13 | Research | Fervor |
| 20:18 | Research | Padded Archer Armor |
| 20:18 | Research | Padded Archer Armor |
| 20:21 | Build | Farm |
| 20:24 | Build | Farm |
| 20:32 | Create | Villager (Male) |
| 20:41 | Create | Villager (Male) |
| 20:47 | Create | Villager (Male) |
| 20:48 | Build | Farm |
| 21:00 | Create | Villager (Male) |
| 21:03 | Build | House |
| 21:04 | Build | House |
| 21:05 | Create | Ratha (Ranged) |
| 21:13 | Create | Villager (Male) |
| 21:16 | Build | Farm |
| 21:18 | Build | Farm |
| 21:19 | Build | Farm |
| 21:20 | Build | Farm |
| 21:25 | Research | Devotion |
| 21:31 | Create | Villager (Male) |
| 21:32 | Create | Ratha (Ranged) |
| 21:36 | Create | Villager (Male) |
| 21:38 | Build | Farm |
| 21:49 | Create | Villager (Male) |
| 22:02 | Research | Bodkin Arrow |
| 22:02 | Create | Ratha (Ranged) |
| 22:03 | Create | Ratha (Ranged) |
| 22:23 | Create | Villager (Male) |
| 22:24 | Create | Ratha (Ranged) |
| 22:24 | Create | Ratha (Ranged) |
| 22:28 | Create | Villager (Male) |
| 22:31 | Build | Farm |
Build order — [LuB]夢夢
First 150 of 831 actions detected
| 0:00 | Create | Villager (Male) |
| 0:00 | Create | Villager (Male) |
| 0:01 | Create | Villager (Male) |
| 0:02 | Build | House |
| 0:03 | Build | House |
| 0:04 | Create | Villager (Male) |
| 1:23 | Create | Villager (Male) |
| 2:00 | Create | Villager (Male) |
| 2:10 | Build | Lumber Camp |
| 2:17 | Create | Villager (Male) |
| 2:41 | Create | Villager (Male) |
| 3:13 | Create | Villager (Male) |
| 3:14 | Create | Villager (Male) |
| 3:43 | Create | Villager (Male) |
| 3:43 | Create | Villager (Male) |
| 3:48 | Build | House |
| 3:49 | Build | House |
| 4:24 | Create | Villager (Male) |
| 4:38 | Create | Villager (Male) |
| 4:40 | Build | Mill |
| 4:55 | Create | Villager (Male) |
| 4:57 | Create | Villager (Male) |
| 5:54 | Create | Villager (Male) |
| 6:05 | Create | Villager (Male) |
| 6:25 | Build | Farm |
| 6:27 | Build | Farm |
| 6:34 | Build | Farm |
| 7:16 | Create | Villager (Male) |
| 7:39 | Create | Villager (Male) |
| 7:40 | Create | Villager (Male) |
| 7:54 | Research | Feudal Age |
| 7:54 | Research | Feudal Age |
| 8:04 | Build | Mining Camp |
| 10:55 | Age | Feudal Age |
| 10:57 | Research | Castle Age |
| 11:00 | Build | Stable |
| 11:03 | Build | House |
| 11:06 | Research | Double-Bit Axe |
| 11:07 | Research | Horse Collar |
| 11:07 | Research | Horse Collar |
| 11:24 | Build | Farm |
| 11:46 | Create | Scout Cavalry |
| 11:48 | Build | House |
| 11:54 | Build | Farm |
| 12:00 | Build | Farm |
| 12:05 | Create | Villager (Male) |
| 12:14 | Create | Scout Cavalry |
| 12:17 | Build | House |
| 12:23 | Build | Farm |
| 12:46 | Create | Scout Cavalry |
| 12:49 | Build | House |
| 12:57 | Build | Farm |
| 13:21 | Build | House |
| 13:29 | Create | Villager (Male) |
| 13:37 | Age | Castle Age |
| 13:39 | Create | Knight |
| 13:44 | Create | Villager (Male) |
| 14:06 | Create | Knight |
| 14:09 | Create | Knight |
| 14:17 | Create | Villager (Male) |
| 14:24 | Research | Bow Saw |
| 14:24 | Research | Bow Saw |
| 14:29 | Build | Farm |
| 14:38 | Create | Villager (Male) |
| 14:41 | Build | House |
| 14:55 | Create | Knight |
| 14:58 | Build | Farm |
| 15:01 | Build | Farm |
| 15:01 | Create | Villager (Male) |
| 15:21 | Build | House |
| 15:22 | Create | Villager (Male) |
| 15:26 | Build | Farm |
| 15:38 | Create | Knight |
| 15:39 | Create | Villager (Male) |
| 15:46 | Build | Farm |
| 15:46 | Build | Farm |
| 15:58 | Build | Farm |
| 16:03 | Create | Villager (Male) |
| 16:10 | Build | House |
| 16:27 | Build | Farm |
| 16:34 | Research | Husbandry |
| 16:35 | Research | Husbandry |
| 16:45 | Build | Farm |
| 16:47 | Create | Villager (Male) |
| 16:49 | Build | Farm |
| 17:10 | Create | Villager (Male) |
| 17:14 | Create | Knight |
| 17:14 | Create | Knight |
| 17:53 | Create | Villager (Male) |
| 17:55 | Create | Villager (Male) |
| 17:57 | Build | Town Center |
| 18:05 | Create | Knight |
| 18:13 | Create | Villager (Male) |
| 18:16 | Build | Lumber Camp |
| 18:32 | Create | Villager (Male) |
| 18:42 | Create | Knight |
| 19:06 | Create | Villager (Male) |
| 19:07 | Create | Villager (Male) |
| 19:33 | Create | Knight |
| 19:34 | Create | Villager (Male) |
| 19:36 | Build | Farm |
| 19:38 | Build | Farm |
| 19:39 | Build | Farm |
| 19:48 | Create | Villager (Male) |
| 19:50 | Build | House |
| 20:02 | Create | Villager (Male) |
| 20:04 | Create | Villager (Male) |
| 20:08 | Build | Town Center |
| 20:11 | Build | Farm |
| 20:12 | Build | Farm |
| 20:15 | Create | Villager (Male) |
| 20:20 | Create | Villager (Male) |
| 20:24 | Create | Knight |
| 20:39 | Create | Villager (Male) |
| 20:42 | Build | Farm |
| 20:44 | Create | Villager (Male) |
| 21:00 | Create | Villager (Male) |
| 21:00 | Create | Villager (Male) |
| 21:01 | Create | Villager (Male) |
| 21:05 | Build | House |
| 21:07 | Create | Villager (Male) |
| 21:17 | Create | Villager (Male) |
| 21:19 | Create | Villager (Male) |
| 21:21 | Build | Farm |
| 21:22 | Build | Farm |
| 21:24 | Build | Farm |
| 21:25 | Create | Knight |
| 21:25 | Create | Knight |
| 21:38 | Create | Villager (Male) |
| 21:40 | Build | Farm |
| 21:43 | Create | Villager (Male) |
| 21:44 | Build | Farm |
| 21:47 | Build | Farm |
| 21:51 | Research | Wheelbarrow |
| 21:52 | Research | Wheelbarrow |
| 22:04 | Research | Gold Mining |
| 22:04 | Research | Gold Mining |
| 22:18 | Build | Farm |
| 22:23 | Build | House |
| 22:45 | Create | Villager (Male) |
| 22:45 | Create | Villager (Male) |
| 22:45 | Create | Villager (Male) |
| 22:45 | Create | Villager (Male) |
| 22:46 | Create | Villager (Male) |
| 22:46 | Create | Villager (Male) |
| 22:46 | Create | Villager (Male) |
| 22:46 | Create | Villager (Male) |
| 22:49 | Create | Knight |
| 22:57 | Create | Villager (Male) |
| 23:07 | Create | Villager (Male) |
Build order — Dfx2, l'Immondice
First 150 of 441 actions detected
| 0:00 | Create | Villager (Male) |
| 0:01 | Create | Villager (Male) ×3 |
| 0:02 | Build | House |
| 0:03 | Build | House |
| 1:19 | Create | Villager (Male) |
| 1:39 | Create | Villager (Male) |
| 1:53 | Create | Villager (Male) |
| 2:10 | Create | Villager (Male) |
| 2:31 | Create | Villager (Male) |
| 2:48 | Create | Villager (Male) |
| 3:05 | Create | Villager (Male) |
| 3:23 | Create | Villager (Male) |
| 3:41 | Build | House |
| 3:58 | Build | Lumber Camp |
| 4:00 | Build | Mining Camp |
| 5:02 | Research | Feudal Age |
| 5:03 | Research | Feudal Age |
| 6:01 | Build | House |
| 6:18 | Create | Villager (Male) |
| 6:42 | Build | House |
| 6:48 | Create | Villager (Male) |
| 6:49 | Build | House |
| 7:12 | Age | Feudal Age |
| 7:14 | Create | Villager (Male) |
| 7:15 | Build | Watch Tower |
| 7:18 | Research | Double-Bit Axe |
| 7:19 | Research | Double-Bit Axe |
| 7:19 | Research | Double-Bit Axe |
| 7:44 | Create | Villager (Male) |
| 8:33 | Create | Villager (Male) |
| 8:38 | Build | Mill |
| 8:43 | Build | House |
| 8:48 | Create | Villager (Male) |
| 9:18 | Create | Villager (Male) |
| 9:37 | Build | Watch Tower |
| 9:44 | Create | Villager (Male) |
| 9:52 | Research | Horse Collar |
| 10:32 | Create | Villager (Male) |
| 10:39 | Create | Villager (Male) |
| 10:46 | Build | House |
| 11:01 | Build | Watch Tower |
| 11:10 | Create | Villager (Male) |
| 11:16 | Build | Farm |
| 11:20 | Build | Farm |
| 11:42 | Create | Villager (Male) |
| 11:47 | Build | Farm |
| 11:50 | Build | Farm |
| 12:06 | Create | Villager (Male) |
| 12:16 | Create | Villager (Male) |
| 12:31 | Build | Mining Camp |
| 13:00 | Create | Villager (Male) |
| 13:05 | Build | Market |
| 13:23 | Create | Villager (Male) |
| 13:33 | Build | House |
| 13:47 | Create | Villager (Male) |
| 14:05 | Create | Villager (Male) |
| 14:11 | Build | Blacksmith |
| 14:25 | Build | Stone Wall |
| 14:28 | Build | Stone Wall |
| 14:33 | Build | Stone Wall |
| 14:41 | Build | Stone Wall |
| 14:45 | Create | Villager (Male) |
| 15:01 | Build | Stone Wall |
| 15:03 | Create | Villager (Male) |
| 15:06 | Build | Gate |
| 15:11 | Build | Farm |
| 15:49 | Research | Castle Age |
| 15:49 | Research | Castle Age |
| 15:59 | Build | Gate |
| 16:05 | Build | Gate |
| 16:36 | Build | Lumber Camp |
| 17:09 | Build | Stone Wall |
| 17:13 | Build | Stone Wall |
| 17:20 | Build | Market |
| 17:28 | Build | Gate |
| 17:30 | Build | Stone Wall |
| 17:32 | Build | Stone Wall |
| 18:29 | Age | Castle Age |
| 18:54 | Research | Loom |
| 18:54 | Research | Loom |
| 19:30 | Build | Town Center |
| 20:43 | Create | Villager (Male) |
| 20:44 | Create | Villager (Male) |
| 20:47 | Create | Villager (Male) |
| 21:13 | Build | Farm |
| 21:58 | Build | Farm |
| 22:04 | Build | Farm |
| 22:30 | Create | Villager (Male) |
| 22:33 | Build | Farm |
| 23:05 | Build | Farm |
| 23:32 | Create | Villager (Male) |
| 23:56 | Build | Farm |
| 23:57 | Create | Villager (Male) |
| 24:21 | Create | Villager (Male) |
| 24:33 | Build | House |
| 24:34 | Build | House |
| 24:47 | Create | Villager (Male) |
| 25:14 | Create | Villager (Male) |
| 26:02 | Create | Villager (Male) |
| 26:29 | Create | Villager (Male) |
| 26:53 | Create | Villager (Male) |
| 27:17 | Build | Palisade Gate |
| 27:21 | Create | Villager (Male) |
| 27:50 | Build | Town Center |
| 27:51 | Create | Villager (Male) |
| 28:13 | Create | Villager (Male) |
| 28:33 | Create | Villager (Male) |
| 29:00 | Build | Farm |
| 29:01 | Build | Farm |
| 29:01 | Create | Villager (Male) |
| 29:03 | Build | Farm |
| 29:04 | Build | Farm |
| 29:15 | Build | Farm |
| 29:21 | Create | Villager (Male) |
| 29:46 | Build | Farm |
| 29:53 | Build | Farm |
| 29:56 | Create | Villager (Male) |
| 30:04 | Create | Villager (Male) |
| 30:10 | Build | Outpost |
| 30:14 | Build | House |
| 30:15 | Build | House |
| 30:18 | Create | Villager (Male) |
| 30:40 | Create | Villager (Male) |
| 30:55 | Create | Villager (Male) |
| 30:59 | Create | Villager (Male) |
| 31:01 | Build | Farm |
| 31:04 | Build | Farm |
| 31:09 | Create | Villager (Male) |
| 31:22 | Create | Villager (Male) |
| 31:35 | Build | Farm |
| 31:38 | Create | Villager (Male) |
| 31:48 | Create | Villager (Male) |
| 32:08 | Create | Villager (Male) |
| 32:13 | Create | Villager (Male) |
| 32:20 | Create | Villager (Male) |
| 32:22 | Build | Farm |
| 32:26 | Build | Farm |
| 32:42 | Create | Villager (Male) |
| 32:44 | Create | Villager (Male) |
| 32:50 | Build | Gate |
| 32:52 | Build | Stone Wall |
| 33:00 | Create | Villager (Male) |
| 33:12 | Build | Gate |
| 33:26 | Create | Villager (Male) |
| 34:00 | Build | Town Center |
| 34:02 | Create | Villager (Male) |
| 34:09 | Create | Villager (Male) |
| 34:12 | Create | Villager (Male) |
| 34:18 | Build | House |
| 34:19 | Build | House |
Build order — GKT_Cloud
First 150 of 458 actions detected
| 0:00 | Create | Villager (Male) |
| 0:01 | Create | Villager (Male) |
| 0:01 | Create | Villager (Male) |
| 0:02 | Build | House |
| 0:03 | Build | House |
| 0:27 | Create | Villager (Male) |
| 1:25 | Create | Villager (Male) |
| 1:57 | Create | Villager (Male) |
| 1:58 | Create | Villager (Male) |
| 2:13 | Create | Villager (Male) |
| 2:14 | Create | Villager (Male) |
| 2:23 | Build | Lumber Camp |
| 2:42 | Create | Villager (Male) |
| 2:54 | Create | Villager (Male) |
| 3:25 | Create | Villager (Male) |
| 3:52 | Build | House |
| 3:56 | Create | Villager (Male) |
| 4:03 | Build | House |
| 4:10 | Create | Villager (Male) |
| 4:25 | Create | Villager (Male) |
| 4:26 | Create | Villager (Male) |
| 4:38 | Build | Mill |
| 5:31 | Create | Villager (Male) |
| 6:01 | Create | Villager (Male) |
| 6:29 | Create | Villager (Male) |
| 7:12 | Research | Feudal Age |
| 7:32 | Build | House |
| 7:35 | Build | House |
| 7:42 | Research | Loom |
| 7:43 | Create | Villager (Male) |
| 9:10 | Build | House |
| 9:22 | Age | Feudal Age |
| 9:27 | Build | Market |
| 9:30 | Create | Villager (Male) |
| 9:34 | Build | Blacksmith |
| 9:53 | Build | Stone Wall |
| 10:20 | Build | Stone Wall |
| 10:22 | Build | Stone Wall |
| 10:44 | Research | Castle Age |
| 10:59 | Build | House |
| 11:03 | Build | Mining Camp |
| 11:44 | Build | Stone Wall |
| 11:48 | Research | Double-Bit Axe |
| 11:48 | Research | Double-Bit Axe |
| 13:24 | Age | Castle Age |
| 13:26 | Build | Siege Workshop |
| 13:31 | Create | Villager (Male) |
| 13:34 | Build | Siege Workshop |
| 14:08 | Create | Battering Ram |
| 14:14 | Create | Battering Ram |
| 14:25 | Create | Villager (Male) |
| 14:39 | Create | Scorpion |
| 14:40 | Create | Scorpion |
| 14:53 | Create | Scorpion |
| 14:53 | Create | Scorpion |
| 15:15 | Create | Villager (Male) |
| 15:17 | Build | Farm |
| 15:21 | Create | Scorpion |
| 15:22 | Create | Scorpion |
| 15:43 | Create | Villager (Male) |
| 15:44 | Create | Scorpion |
| 15:44 | Create | Scorpion |
| 15:58 | Create | Scorpion |
| 15:58 | Create | Scorpion |
| 15:59 | Create | Villager (Male) |
| 16:36 | Create | Scorpion |
| 16:36 | Create | Scorpion |
| 16:39 | Build | Farm |
| 17:01 | Create | Scorpion |
| 17:01 | Create | Scorpion |
| 17:16 | Create | Scorpion |
| 17:47 | Create | Villager (Male) |
| 17:54 | Create | Scorpion |
| 17:55 | Create | Scorpion |
| 18:14 | Create | Scorpion |
| 18:14 | Create | Scorpion |
| 18:40 | Create | Scorpion |
| 18:41 | Create | Scorpion |
| 19:04 | Create | Scorpion |
| 19:05 | Create | Villager (Male) |
| 19:06 | Build | Farm |
| 19:08 | Build | Farm |
| 19:41 | Build | Farm |
| 19:42 | Build | House |
| 19:45 | Build | Farm |
| 19:46 | Build | Farm |
| 20:55 | Create | Villager (Male) ×3 |
| 21:00 | Create | Villager (Male) |
| 21:06 | Build | Town Center |
| 21:28 | Build | Farm |
| 21:38 | Create | Villager (Male) |
| 21:43 | Build | House |
| 21:44 | Build | House |
| 21:49 | Build | Palisade Gate |
| 21:58 | Build | Farm |
| 22:00 | Create | Villager (Male) |
| 22:01 | Create | Villager (Male) ×2 |
| 22:16 | Create | Villager (Male) |
| 22:20 | Create | Villager (Male) |
| 22:20 | Create | Villager (Male) |
| 22:24 | Build | Town Center |
| 22:30 | Build | Farm |
| 22:44 | Research | Horse Collar |
| 22:44 | Research | Horse Collar |
| 23:08 | Create | Villager (Male) |
| 23:25 | Create | Villager (Male) |
| 23:31 | Build | House |
| 23:33 | Build | House |
| 23:37 | Create | Villager (Male) |
| 23:39 | Build | Farm |
| 23:40 | Build | Farm |
| 23:55 | Create | Villager (Male) |
| 23:55 | Create | Villager (Male) |
| 24:20 | Create | Villager (Male) |
| 24:20 | Create | Villager (Male) |
| 24:27 | Create | Villager (Male) |
| 24:33 | Create | Villager (Male) |
| 24:33 | Create | Villager (Male) |
| 24:35 | Build | Farm |
| 24:35 | Build | Farm |
| 24:35 | Build | Farm |
| 24:36 | Build | Farm |
| 24:38 | Build | Lumber Camp |
| 24:59 | Create | Villager (Male) ×2 |
| 25:04 | Build | Farm |
| 25:05 | Build | Farm |
| 25:09 | Build | Farm |
| 25:09 | Build | Farm |
| 25:09 | Build | Farm |
| 25:17 | Create | Villager (Male) |
| 25:17 | Create | Villager (Male) |
| 25:22 | Build | Outpost |
| 25:23 | Build | Outpost |
| 25:24 | Build | Outpost |
| 25:31 | Research | Town Watch |
| 25:31 | Research | Town Watch |
| 25:35 | Research | Wheelbarrow |
| 25:35 | Research | Wheelbarrow |
| 25:40 | Create | Villager (Male) |
| 25:40 | Create | Villager (Male) |
| 26:03 | Research | Bow Saw |
| 26:04 | Research | Bow Saw |
| 26:06 | Build | Farm |
| 26:07 | Build | Farm |
| 26:07 | Create | Villager (Male) |
| 26:10 | Build | Farm |
| 26:27 | Create | Villager (Male) |
| 26:27 | Create | Villager (Male) |
| 26:28 | Create | Villager (Male) |
| 26:32 | Build | Farm |
Build order — 04py
First 150 of 753 actions detected
| 0:00 | Create | Villager (Male) |
| 0:01 | Create | Villager (Male) |
| 0:02 | Build | House |
| 0:03 | Build | House |
| 0:10 | Create | Villager (Male) |
| 0:10 | Create | Villager (Male) |
| 1:34 | Create | Villager (Male) |
| 1:34 | Create | Villager (Male) |
| 2:04 | Create | Villager (Male) |
| 2:04 | Create | Villager (Male) |
| 2:05 | Create | Villager (Male) |
| 2:34 | Build | Lumber Camp |
| 2:39 | Create | Villager (Male) |
| 2:39 | Create | Villager (Male) |
| 2:40 | Create | Villager (Male) |
| 3:35 | Create | Villager (Male) |
| 3:35 | Create | Villager (Male) |
| 3:53 | Build | House |
| 3:54 | Build | House |
| 4:29 | Create | Villager (Male) |
| 4:29 | Create | Villager (Male) |
| 4:30 | Create | Villager (Male) |
| 4:33 | Build | Mill |
| 5:20 | Create | Villager (Male) |
| 5:20 | Create | Villager (Male) |
| 5:20 | Create | Villager (Male) |
| 5:21 | Create | Villager (Male) |
| 6:16 | Build | Farm |
| 6:17 | Build | Farm |
| 6:29 | Create | Villager (Male) |
| 6:40 | Build | Farm |
| 6:54 | Create | Villager (Male) |
| 7:50 | Create | Villager (Male) |
| 8:10 | Research | Feudal Age |
| 9:03 | Create | Villager (Male) |
| 9:03 | Create | Villager (Male) |
| 10:31 | Age | Feudal Age |
| 10:32 | Build | Market |
| 10:33 | Build | Blacksmith |
| 11:01 | Research | Town Watch |
| 11:13 | Build | House |
| 11:24 | Research | Castle Age |
| 11:24 | Research | Castle Age |
| 11:27 | Build | House |
| 11:40 | Research | Double-Bit Axe |
| 11:41 | Research | Double-Bit Axe |
| 11:55 | Research | Horse Collar |
| 11:55 | Research | Horse Collar |
| 12:20 | Research | Double-Bit Axe |
| 12:20 | Research | Double-Bit Axe |
| 12:41 | Build | Farm |
| 13:15 | Create | Villager (Male) |
| 13:53 | Create | Villager (Male) |
| 14:06 | Age | Castle Age |
| 14:08 | Build | Town Center |
| 14:16 | Research | Bow Saw |
| 14:37 | Build | Town Center |
| 14:45 | Create | Villager (Male) |
| 14:56 | Build | Farm |
| 15:11 | Create | Villager (Male) |
| 15:24 | Create | Villager (Male) |
| 15:33 | Build | House |
| 15:38 | Create | Villager (Male) |
| 15:39 | Create | Villager (Male) |
| 15:42 | Build | Farm |
| 15:43 | Create | Villager (Male) |
| 15:45 | Build | Farm |
| 15:47 | Build | Farm |
| 15:48 | Create | Villager (Male) |
| 15:49 | Build | House |
| 15:51 | Create | Villager (Male) |
| 15:55 | Build | House |
| 15:56 | Create | Villager (Male) |
| 15:58 | Create | Villager (Male) |
| 15:58 | Create | Villager (Male) |
| 15:58 | Create | Villager (Male) |
| 16:04 | Build | Farm |
| 16:25 | Build | House |
| 16:31 | Build | Farm |
| 16:37 | Create | Villager (Male) |
| 16:42 | Build | House |
| 16:43 | Build | House |
| 16:44 | Create | Villager (Male) |
| 16:46 | Build | Farm |
| 16:51 | Create | Villager (Male) |
| 16:52 | Build | House |
| 17:01 | Build | Gate |
| 17:10 | Build | House |
| 17:15 | Create | Villager (Male) |
| 17:18 | Build | Farm |
| 17:20 | Build | Farm |
| 17:23 | Build | Farm |
| 17:24 | Create | Villager (Male) |
| 17:24 | Create | Villager (Male) |
| 17:27 | Build | Farm |
| 17:32 | Create | Villager (Male) |
| 17:32 | Create | Villager (Male) |
| 17:38 | Build | House |
| 17:48 | Create | Villager (Male) |
| 17:54 | Build | Monastery |
| 17:57 | Build | House |
| 17:59 | Create | Villager (Male) |
| 18:07 | Build | Farm |
| 18:13 | Build | House |
| 18:14 | Create | Villager (Male) |
| 18:18 | Build | House |
| 18:19 | Build | House |
| 18:19 | Create | Villager (Male) |
| 18:25 | Create | Villager (Male) |
| 18:28 | Build | Farm |
| 18:32 | Create | Villager (Male) |
| 18:35 | Build | House |
| 18:42 | Build | Gate |
| 18:46 | Create | Villager (Male) |
| 18:48 | Create | Villager (Male) |
| 18:48 | Create | Villager (Male) |
| 18:58 | Build | Town Center |
| 19:02 | Create | Villager (Male) |
| 19:04 | Create | Villager (Male) |
| 19:12 | Create | Villager (Male) |
| 19:12 | Create | Villager (Male) |
| 19:20 | Build | Stone Wall |
| 19:23 | Create | Villager (Male) |
| 19:31 | Create | Villager (Male) |
| 19:40 | Build | Town Center |
| 19:42 | Create | Villager (Male) |
| 19:49 | Build | Town Center |
| 19:51 | Create | Villager (Male) |
| 19:57 | Build | Farm |
| 19:58 | Build | Farm |
| 20:00 | Build | Farm |
| 20:04 | Create | Villager (Male) |
| 20:10 | Create | Villager (Male) |
| 20:10 | Create | Villager (Male) |
| 20:10 | Create | Villager (Male) |
| 20:18 | Create | Villager (Male) |
| 20:24 | Create | Villager (Male) |
| 20:24 | Create | Villager (Male) |
| 20:27 | Build | Farm |
| 20:27 | Build | Farm |
| 20:27 | Build | Farm |
| 20:28 | Build | Farm |
| 20:28 | Build | Farm |
| 20:28 | Build | Farm |
| 20:31 | Create | Villager (Male) |
| 20:33 | Build | Farm |
| 20:38 | Create | Villager (Male) |
| 20:39 | Create | Villager (Male) |
| 20:48 | Create | Villager (Male) |
| 21:00 | Create | Villager (Male) |
Build order — Shulk
First 150 of 657 actions detected
| 0:02 | Create | Villager (Male) |
| 0:02 | Create | Villager (Male) |
| 0:03 | Create | Villager (Male) |
| 0:03 | Create | Villager (Male) |
| 0:03 | Create | Villager (Male) |
| 0:04 | Build | House |
| 0:05 | Build | House |
| 1:29 | Create | Villager (Male) |
| 1:29 | Create | Villager (Male) |
| 2:06 | Create | Villager (Male) |
| 2:07 | Create | Villager (Male) |
| 2:07 | Build | Lumber Camp |
| 2:50 | Create | Villager (Male) |
| 2:50 | Create | Villager (Male) |
| 3:17 | Create | Villager (Male) |
| 3:17 | Create | Villager (Male) |
| 3:38 | Create | Villager (Male) |
| 3:55 | Build | House |
| 3:56 | Build | House |
| 4:16 | Create | Villager (Male) |
| 4:16 | Create | Villager (Male) |
| 4:17 | Create | Villager (Male) |
| 4:19 | Build | Mill |
| 5:15 | Create | Villager (Male) |
| 5:15 | Create | Villager (Male) |
| 5:49 | Create | Villager (Male) |
| 5:49 | Create | Villager (Male) |
| 5:49 | Create | Villager (Male) |
| 5:53 | Build | Farm |
| 5:54 | Build | Farm |
| 6:07 | Create | Villager (Male) |
| 6:27 | Build | Farm |
| 7:39 | Create | Villager (Male) |
| 7:39 | Create | Villager (Male) |
| 8:20 | Research | Feudal Age |
| 9:34 | Create | Villager (Male) |
| 9:34 | Create | Villager (Male) |
| 9:37 | Build | House |
| 10:39 | Age | Feudal Age |
| 10:41 | Build | Blacksmith |
| 10:43 | Build | Market |
| 11:36 | Research | Castle Age |
| 11:36 | Research | Castle Age |
| 12:38 | Research | Horse Collar |
| 12:39 | Research | Double-Bit Axe |
| 12:54 | Build | Farm |
| 12:56 | Build | Farm |
| 13:02 | Build | Farm |
| 13:04 | Build | Farm |
| 13:11 | Build | House |
| 13:20 | Build | House |
| 14:05 | Build | Farm |
| 14:16 | Age | Castle Age |
| 14:21 | Build | Town Center |
| 14:26 | Build | Town Center |
| 14:29 | Create | Villager (Male) |
| 14:35 | Build | Farm |
| 14:52 | Create | Villager (Male) |
| 14:53 | Create | Villager (Male) |
| 15:14 | Create | Villager (Male) |
| 15:14 | Create | Villager (Male) |
| 15:18 | Research | Bow Saw |
| 15:23 | Build | Farm |
| 15:25 | Build | Farm |
| 15:31 | Create | Villager (Male) |
| 15:42 | Create | Villager (Male) |
| 15:42 | Create | Villager (Male) |
| 15:47 | Create | Villager (Male) |
| 15:55 | Create | Villager (Male) |
| 16:13 | Create | Villager (Male) |
| 16:13 | Create | Villager (Male) |
| 16:13 | Create | Villager (Male) |
| 16:17 | Create | Villager (Male) |
| 16:30 | Create | Villager (Male) |
| 16:42 | Build | Siege Workshop |
| 16:44 | Build | Farm |
| 16:48 | Build | Farm |
| 16:49 | Build | Farm |
| 16:50 | Create | Villager (Male) |
| 16:50 | Create | Villager (Male) |
| 17:15 | Create | Villager (Male) |
| 17:19 | Build | Siege Workshop |
| 17:24 | Create | Villager (Male) |
| 17:31 | Build | Farm |
| 17:33 | Build | Farm |
| 17:35 | Build | Farm |
| 17:37 | Build | Farm |
| 17:38 | Create | Villager (Male) |
| 17:38 | Create | Villager (Male) |
| 17:53 | Create | Villager (Male) |
| 18:01 | Create | Mangonel |
| 18:05 | Create | Villager (Male) |
| 18:06 | Create | Villager (Male) |
| 18:10 | Build | House |
| 18:16 | Build | Siege Workshop |
| 18:19 | Create | Villager (Male) |
| 18:19 | Create | Villager (Male) |
| 18:27 | Create | Villager (Male) |
| 18:27 | Create | Villager (Male) |
| 18:45 | Create | Villager (Male) |
| 18:45 | Create | Villager (Male) |
| 18:59 | Create | Villager (Male) |
| 18:59 | Create | Villager (Male) |
| 19:04 | Create | Villager (Male) |
| 19:06 | Build | Farm |
| 19:07 | Build | Farm |
| 19:08 | Build | Farm |
| 19:19 | Create | Villager (Male) |
| 19:19 | Create | Villager (Male) |
| 19:19 | Create | Villager (Male) |
| 19:25 | Create | Villager (Male) |
| 19:25 | Create | Villager (Male) |
| 19:36 | Create | Villager (Male) |
| 19:36 | Create | Villager (Male) |
| 19:46 | Build | House |
| 19:49 | Build | House |
| 19:49 | Create | Villager (Male) |
| 19:51 | Build | House |
| 19:53 | Build | House |
| 20:04 | Research | Wheelbarrow |
| 20:05 | Research | Wheelbarrow |
| 20:20 | Build | Stone Wall |
| 20:20 | Build | Stone Wall |
| 20:21 | Build | Stone Wall |
| 20:27 | Create | Villager (Male) |
| 20:28 | Create | Villager (Male) |
| 20:31 | Build | Gate |
| 20:35 | Create | Villager (Male) |
| 20:35 | Create | Villager (Male) |
| 20:38 | Create | Villager (Male) |
| 20:49 | Build | Castle |
| 20:54 | Create | Villager (Male) |
| 20:54 | Create | Villager (Male) |
| 20:58 | Build | Farm |
| 20:58 | Build | Farm |
| 20:59 | Build | Farm |
| 21:01 | Build | Farm |
| 21:02 | Build | Mill |
| 21:03 | Create | Villager (Male) |
| 21:03 | Create | Villager (Male) |
| 21:04 | Build | Farm |
| 21:10 | Create | Villager (Male) |
| 21:18 | Create | Mangonel |
| 21:18 | Create | Mangonel |
| 21:20 | Create | Villager (Male) |
| 21:20 | Create | Villager (Male) |
| 21:28 | Build | Farm |
| 21:33 | Create | Villager (Male) |
| 21:34 | Create | Villager (Male) |
| 21:38 | Build | Mining Camp |
Build order — [LuB]myqbox
First 150 of 427 actions detected
| 0:01 | Create | Villager (Male) |
| 0:01 | Create | Villager (Male) |
| 0:02 | Build | House |
| 0:03 | Build | House |
| 0:07 | Create | Villager (Male) |
| 0:10 | Create | Villager (Male) |
| 1:23 | Create | Villager (Male) |
| 1:24 | Create | Villager (Male) |
| 1:49 | Build | Settlement |
| 1:59 | Create | Villager (Male) |
| 2:14 | Create | Villager (Male) |
| 2:14 | Create | Villager (Male) |
| 2:47 | Create | Villager (Male) |
| 3:11 | Create | Villager (Male) |
| 3:33 | Build | Settlement |
| 3:40 | Create | Villager (Male) |
| 3:53 | Create | Villager (Male) |
| 3:53 | Create | Villager (Male) |
| 4:28 | Create | Villager (Male) |
| 4:40 | Create | Villager (Male) |
| 4:56 | Build | Farm |
| 4:58 | Build | Farm |
| 5:07 | Create | Villager (Male) |
| 5:45 | Create | Villager (Male) |
| 5:55 | Create | Villager (Male) |
| 6:18 | Create | Villager (Male) |
| 6:59 | Create | Villager (Male) |
| 7:10 | Create | Villager (Male) |
| 7:47 | Research | Feudal Age |
| 8:03 | Build | Farm |
| 9:18 | Create | Villager (Male) |
| 9:19 | Create | Villager (Male) |
| 10:06 | Age | Feudal Age |
| 10:08 | Build | Market |
| 10:09 | Build | Blacksmith |
| 10:12 | Build | Blacksmith |
| 10:31 | Build | Settlement |
| 10:54 | Research | Castle Age |
| 10:54 | Research | Castle Age |
| 11:00 | Research | Double-Bit Axe |
| 11:01 | Research | Double-Bit Axe |
| 11:05 | Build | House |
| 11:16 | Build | House |
| 11:35 | Research | Horse Collar |
| 11:35 | Research | Horse Collar |
| 11:47 | Build | Farm |
| 12:19 | Build | Farm |
| 12:27 | Build | Farm |
| 12:42 | Create | Villager (Male) |
| 13:36 | Age | Castle Age |
| 13:41 | Create | Villager (Male) |
| 13:47 | Build | Town Center |
| 13:56 | Create | Villager (Male) |
| 14:00 | Build | Town Center |
| 14:07 | Build | Farm |
| 14:10 | Research | Bow Saw |
| 14:11 | Create | Villager (Male) |
| 14:47 | Research | Heavy Plow |
| 14:55 | Build | Farm |
| 15:01 | Create | Villager (Male) |
| 15:04 | Create | Villager (Male) |
| 15:15 | Build | Monastery |
| 15:17 | Build | House |
| 15:19 | Create | Villager (Male) |
| 15:24 | Create | Villager (Male) |
| 15:26 | Create | Villager (Male) |
| 15:28 | Create | Villager (Male) |
| 15:48 | Build | Farm |
| 15:48 | Build | Farm |
| 15:50 | Build | Farm |
| 15:52 | Create | Villager (Male) |
| 15:54 | Create | Villager (Male) |
| 16:05 | Create | Monk |
| 16:18 | Build | House |
| 16:19 | Build | House |
| 16:23 | Create | Villager (Male) |
| 16:23 | Create | Villager (Male) |
| 16:31 | Build | Settlement |
| 16:37 | Build | Farm |
| 16:41 | Create | Villager (Male) |
| 16:45 | Build | Farm |
| 16:50 | Build | Farm |
| 17:02 | Build | House |
| 17:03 | Build | House |
| 17:05 | Build | House |
| 17:06 | Build | House |
| 17:07 | Build | House |
| 17:10 | Create | Monk |
| 17:12 | Build | Farm |
| 17:14 | Build | Farm |
| 17:15 | Research | Loom |
| 17:16 | Create | Villager (Male) |
| 17:16 | Create | Villager (Male) |
| 17:26 | Build | Farm |
| 17:30 | Create | Villager (Male) |
| 17:30 | Create | Villager (Male) |
| 17:37 | Build | Farm |
| 17:40 | Build | Farm |
| 17:41 | Create | Villager (Male) |
| 17:41 | Create | Villager (Male) |
| 17:48 | Build | Farm |
| 18:02 | Create | Villager (Male) |
| 18:06 | Create | Monk |
| 18:14 | Build | House |
| 18:14 | Create | Villager (Male) |
| 18:16 | Build | House |
| 18:23 | Build | Farm |
| 18:24 | Build | Farm |
| 18:28 | Build | Farm |
| 18:29 | Build | Farm |
| 18:31 | Create | Villager (Male) |
| 18:33 | Build | Farm |
| 18:38 | Build | House |
| 18:40 | Build | House |
| 18:43 | Create | Villager (Male) |
| 18:45 | Build | Farm |
| 18:46 | Create | Villager (Male) |
| 18:52 | Build | Farm |
| 19:05 | Create | Villager (Male) |
| 19:07 | Build | Farm |
| 19:09 | Create | Villager (Male) |
| 19:09 | Create | Villager (Male) |
| 19:12 | Build | Farm |
| 19:19 | Create | Villager (Male) |
| 19:22 | Create | Villager (Male) |
| 19:38 | Create | Villager (Male) |
| 19:40 | Build | Farm |
| 19:41 | Create | Villager (Male) |
| 19:48 | Create | Monk |
| 19:50 | Research | Sanctity |
| 19:52 | Create | Villager (Male) |
| 20:03 | Build | House |
| 20:06 | Build | Farm |
| 20:07 | Research | Wheelbarrow |
| 20:07 | Research | Wheelbarrow |
| 20:15 | Create | Villager (Male) |
| 20:22 | Build | Farm |
| 20:25 | Create | Villager (Male) |
| 20:26 | Create | Villager (Male) |
| 20:37 | Create | Villager (Male) |
| 20:39 | Create | Villager (Male) |
| 20:41 | Build | Farm |
| 20:49 | Create | Villager (Male) |
| 20:55 | Build | University |
| 20:57 | Create | Villager (Male) |
| 21:05 | Create | Villager (Male) |
| 21:08 | Build | House |
| 21:12 | Build | House |
| 21:20 | Create | Villager (Male) |
| 21:24 | Build | Farm |
Match timeline
| 7:12 | Dfx2, l'Immondice · age_up feudal |
| 9:22 | GKT_Cloud · age_up feudal |
| 9:53 | GKT_Cloud · wall_segment Stone Wall x1 |
| 10:06 | [LuB]myqbox · age_up feudal |
| 10:14 | GKT_Cloud · first_market_sell 100 stone |
| 10:20 | GKT_Cloud · wall_segment Stone Wall x1 |
| 10:22 | GKT_Cloud · wall_segment Stone Wall x1 |
| 10:31 | 04py · age_up feudal |
| 10:31 | TAG_Sitaux · age_up feudal |
| 10:37 | Tointoin · age_up feudal |
| 10:39 | Shulk · age_up feudal |
| 10:55 | [LuB]夢夢 · age_up feudal |
| 11:00 | [LuB]夢夢 · first_building Stable |
| 11:23 | 04py · first_market_sell 100 wood |
| 11:28 | Tointoin · first_market_sell 100 stone |
| 11:30 | Shulk · first_market_sell 100 wood |
| 11:31 | Tointoin · first_market_buy 100 food |
| 11:44 | GKT_Cloud · wall_segment Stone Wall x2 |
| 13:24 | GKT_Cloud · age_up castle |
| 13:26 | GKT_Cloud · first_building Siege Workshop |
| 13:36 | [LuB]myqbox · age_up castle |
| 13:37 | [LuB]夢夢 · age_up castle |
| 14:06 | 04py · age_up castle |
| 14:06 | TAG_Sitaux · age_up castle |
| 14:16 | Shulk · age_up castle |
| 14:17 | Tointoin · age_up castle |
| 14:25 | Dfx2, l'Immondice · wall_segment Stone Wall x7 |
| 14:28 | Dfx2, l'Immondice · wall_segment Stone Wall x3 |
| 14:33 | Dfx2, l'Immondice · wall_segment Stone Wall x10 |
| 14:38 | TAG_Sitaux · first_market_buy 100 food |
| 14:41 | Dfx2, l'Immondice · wall_segment Stone Wall x1 |
| 14:46 | TAG_Sitaux · first_building Castle |
| 15:01 | Dfx2, l'Immondice · wall_segment Stone Wall x14 |
| 15:14 | Dfx2, l'Immondice · first_market_buy 100 food |
| 15:15 | Dfx2, l'Immondice · first_market_sell 100 wood |
| 15:15 | [LuB]myqbox · first_building Monastery |
| 15:25 | TAG_Sitaux · first_building Monastery |
| 16:01 | [LuB]myqbox · first_market_sell 100 wood |
| 16:42 | Shulk · first_building Siege Workshop |
| 17:09 | Dfx2, l'Immondice · wall_segment Stone Wall x4 |
| 17:13 | Dfx2, l'Immondice · wall_segment Stone Wall x1 |
| 17:30 | Dfx2, l'Immondice · wall_segment Stone Wall x1 |
| 17:32 | Dfx2, l'Immondice · wall_segment Stone Wall x1 |
| 17:54 | 04py · first_building Monastery |
| 18:29 | Dfx2, l'Immondice · age_up castle |
| 19:18 | Shulk · first_market_buy 100 stone |
| 19:20 | 04py · wall_segment Stone Wall x1 |
| 20:20 | Shulk · wall_segment Stone Wall x1 |
| 20:20 | Shulk · wall_segment Stone Wall x1 |
| 20:21 | Shulk · wall_segment Stone Wall x1 |
| 20:49 | Shulk · first_building Castle |
| 21:02 | GKT_Cloud · first_market_buy 100 stone |
| 21:27 | TAG_Sitaux · first_market_sell 100 wood |
| 22:56 | Shulk · wall_segment Stone Wall x1 |
| 22:57 | Shulk · wall_segment Stone Wall x1 |
| 22:58 | Shulk · wall_segment Stone Wall x1 |
| 22:58 | Shulk · wall_segment Stone Wall x1 |
| 22:59 | Shulk · wall_segment Stone Wall x1 |
| 22:59 | Shulk · wall_segment Stone Wall x1 |
| 23:02 | Shulk · wall_segment Stone Wall x1 |
| 23:03 | Shulk · wall_segment Stone Wall x1 |
| 23:03 | Shulk · wall_segment Stone Wall x1 |
| 23:04 | Shulk · wall_segment Stone Wall x1 |
| 23:12 | [LuB]myqbox · first_market_buy 100 stone |
| 23:14 | TAG_Sitaux · first_building Siege Workshop |
| 23:16 | Tointoin · first_building Castle |
| 23:39 | 04py · first_building Barracks |
| 23:41 | Tointoin · first_building Barracks |
| 24:37 | Tointoin · first_building Stable |
| 24:52 | Shulk · first_building Barracks |
| 24:58 | [LuB]myqbox · first_building Castle |
| 25:36 | Shulk · first_building Stable |
| 26:49 | 04py · first_building Castle |
| 27:11 | [LuB]myqbox · first_building Siege Workshop |
| 27:18 | 04py · first_building Siege Workshop |
| 27:50 | Tointoin · age_up imperial |
| 28:27 | 04py · age_up imperial |
| 28:28 | [LuB]夢夢 · first_building Castle |
| 29:20 | [LuB]myqbox · age_up imperial |
| 29:57 | Shulk · age_up imperial |
| 30:01 | TAG_Sitaux · wall_segment Stone Wall x2 |
| 30:39 | [LuB]夢夢 · age_up imperial |
| 30:50 | TAG_Sitaux · first_building Barracks |
| 31:22 | TAG_Sitaux · wall_segment Stone Wall x1 |
| 31:53 | [LuB]myqbox · wall_segment Stone Wall x6 |
| 32:28 | GKT_Cloud · first_building Castle |
| 32:52 | Dfx2, l'Immondice · wall_segment Stone Wall x1 |
| 33:15 | TAG_Sitaux · wall_segment Palisade Wall x1 |
| 33:15 | TAG_Sitaux · wall_segment Palisade Wall x1 |
| 33:29 | [LuB]夢夢 · first_market_sell 100 stone |
| 33:55 | TAG_Sitaux · first_building Archery Range |
| 34:40 | [LuB]夢夢 · first_market_buy 100 food |
| 34:57 | GKT_Cloud · first_building Barracks |
| 35:34 | GKT_Cloud · age_up imperial |
| 35:50 | TAG_Sitaux · age_up imperial |
| 36:01 | Tointoin · tribute_sent a jugador 1 |
| 36:01 | Tointoin · tribute_sent a jugador 2 |
| 36:01 | Tointoin · tribute_sent a jugador 3 |
| 36:01 | Tointoin · tribute_sent a jugador 4 |
| 36:01 | Tointoin · tribute_sent a jugador 6 |
| 36:01 | Tointoin · tribute_sent a jugador 7 |
| 36:01 | Tointoin · tribute_sent a jugador 8 |
| 37:05 | [LuB]夢夢 · tribute_sent a jugador 1 |
| 37:05 | [LuB]夢夢 · tribute_sent a jugador 3 |
| 37:05 | [LuB]夢夢 · tribute_sent a jugador 4 |
| 37:05 | [LuB]夢夢 · tribute_sent a jugador 5 |
| 37:05 | [LuB]夢夢 · tribute_sent a jugador 6 |
| 37:05 | [LuB]夢夢 · tribute_sent a jugador 7 |
| 37:05 | [LuB]夢夢 · tribute_sent a jugador 8 |
| 37:43 | 04py · first_building Stable |
| 38:28 | [LuB]夢夢 · tribute_sent a jugador 1 |
| 38:28 | [LuB]夢夢 · tribute_sent a jugador 3 |
| 38:28 | [LuB]夢夢 · tribute_sent a jugador 4 |
| 38:28 | [LuB]夢夢 · tribute_sent a jugador 5 |
| 38:28 | [LuB]夢夢 · tribute_sent a jugador 6 |
| 38:28 | [LuB]夢夢 · tribute_sent a jugador 7 |
| 38:28 | [LuB]夢夢 · tribute_sent a jugador 8 |
| 40:19 | Dfx2, l'Immondice · first_building Monastery |
| 40:27 | 04py · tribute_sent a jugador 1 |
| 40:27 | 04py · tribute_sent a jugador 2 |
| 40:27 | 04py · tribute_sent a jugador 3 |
| 40:27 | 04py · tribute_sent a jugador 4 |
| 40:27 | 04py · tribute_sent a jugador 5 |
| 40:27 | 04py · tribute_sent a jugador 7 |
| 40:27 | 04py · tribute_sent a jugador 8 |
| 40:27 | [LuB]夢夢 · wall_segment Stone Wall x3 |
| 41:20 | 04py · first_market_buy 100 wood |
| 42:02 | [LuB]夢夢 · wall_segment Stone Wall x1 |
| 44:36 | Shulk · tribute_sent a jugador 1 |
| 44:36 | Shulk · tribute_sent a jugador 2 |
| 44:36 | Shulk · tribute_sent a jugador 3 |
| 44:36 | Shulk · tribute_sent a jugador 4 |
| 44:36 | Shulk · tribute_sent a jugador 5 |
| 44:36 | Shulk · tribute_sent a jugador 6 |
| 44:36 | Shulk · tribute_sent a jugador 8 |
| 45:35 | Dfx2, l'Immondice · first_building Castle |
| 47:13 | [LuB]夢夢 · wall_segment Stone Wall x4 |
| 47:16 | [LuB]夢夢 · wall_segment Stone Wall x13 |
| 47:20 | [LuB]夢夢 · wall_segment Stone Wall x10 |
| 49:07 | Tointoin · wall_segment Stone Wall x1 |
| 49:11 | Tointoin · wall_segment Stone Wall x1 |
| 49:14 | Dfx2, l'Immondice · first_building Barracks |
| 50:02 | [LuB]夢夢 · wall_segment Stone Wall x1 |
| 50:25 | Dfx2, l'Immondice · first_building Siege Workshop |
| 50:59 | Tointoin · wall_segment Stone Wall x1 |
| 51:03 | Tointoin · wall_segment Stone Wall x1 |
| 51:05 | [LuB]myqbox · wall_segment Stone Wall x9 |
| 51:05 | Tointoin · wall_segment Stone Wall x1 |
| 51:06 | Tointoin · wall_segment Stone Wall x1 |
| 51:08 | Tointoin · wall_segment Stone Wall x1 |
| 51:10 | Tointoin · wall_segment Stone Wall x1 |
| 51:11 | Tointoin · wall_segment Stone Wall x1 |
| 51:21 | Dfx2, l'Immondice · age_up imperial |
| 51:52 | Dfx2, l'Immondice · first_building Archery Range |
| 51:54 | Dfx2, l'Immondice · first_building Stable |
| 52:15 | [LuB]夢夢 · wall_segment Stone Wall x1 |
| 52:16 | [LuB]夢夢 · wall_segment Stone Wall x1 |
| 52:41 | [LuB]myqbox · first_building Barracks |
| 53:36 | GKT_Cloud · resign |
[ AI ANALYSIS · 1 CREDIT ]
What really happened in this match?
Wolo.gg analyzes every decision: build order, eco, micro, common mistakes by bracket. Personalized analysis on WhatsApp or Discord in 30 seconds.
Civ guide
Poles
Perfil
Tointoin